 Dungeon Crawl Stone Soup version 0.16-a0-3943-gb4b81e6 (webtiles) character file.

25 Impoz the Caller (level 3, -3/16 HPs)
             Began as a Vine Stalker Summoner on Feb 8, 2015.
             Slain by a goblin
             ... wielding a +0 club
             ... led by Robin
              (4 damage)
             ... on level 2 of the Dungeon.
             The game lasted 00:07:07 (787 turns).

Impoz the Caller (Vine Stalker Summoner)             Turns: 787, Time: 00:07:07

Health: -3/16      AC:  2    Str: 10    XL:     3   Next: 6%
Magic:  0/7        EV: 12    Int: 21    God:
Gold:   27         SH:  0    Dex: 14    Spells: 2 memorised, 3 levels left

rFire  . . .     SeeInvis .     (no weapon)
rCold  . . .     Clarity  .     e - +0 robe
rNeg   . . .     SustAb   .     (no shield)
rPois  .         Gourm    .     (no helmet)
rElec  .         Spirit   +     (no cloak)
rCorr  .         Warding  .     (no gloves)
rMut   .         Stasis   .     (no boots)
MR     .....                    (no amulet)
Stlth  ++........               (no ring)
                                (no ring)

@: brilliant, not resistant to hostile enchantments, unstealthy
A: fangs 2, regeneration 1, magic shield, antimagic bite, no device heal 3, rot
immunity
a: no special abilities


You were on level 2 of the Dungeon.
You were not hungry.

You visited 1 branch of the dungeon, and saw 2 of its levels.

You collected 27 gold pieces.

Inventory:

Armour
 e - a +0 robe (worn)
Scrolls
 d - 2 scrolls of identify {unknown}
 g - a scroll of remove curse {unknown}
 h - a scroll of recharging {unknown}
Potions
 i - a potion of restore abilities {unknown}
Books
 b - a book of Callings

   Spells                             Type                      Level
   a - Summon Small Mammal            Summoning                    1
   b - Call Imp                       Summoning                    2
   c - Call Canine Familiar           Summoning                    3
   d - Summon Guardian Golem          Hexes/Summoning              4
   e - Summon Lightning Spire         Summoning/Air                4
   f - Summon Ice Beast               Ice/Summoning                4
Comestibles
 c - 2 bread rations


   Skills:
 + Level 2.0 Dodging
 - Level 2.4 Stealth
 * Level 2.8 Spellcasting
 + Level 4.2 Summonings


You had 3 spell levels left.
You knew the following spells:

 Your Spells              Type           Power        Failure   Level  Hunger
a - Summon Small Mammal   Summ           ####         1%          1    None
b - Call Canine Familiar  Summ           ####....     1%          3    ###....


Dungeon Overview and Level Annotations

Branches:
Dungeon (2/15)

Altars:

Annotations:
D:2 Robin


Innate Abilities, Weirdness & Mutations

You have extremely sharp teeth.
Your natural rate of healing is unusually fast.
When hurt, damage is shared between your health and your magic reserves.
Your bite disrupts and absorbs the magic of your enemies.
Potions and wands cannot restore your health.
You are immune to rotting.


Message History

The goblins go into a battle-frenzy!
Robin drinks a potion.
Robin seems to speed up.
Casting: Call Canine Familiar
Confirm with . or Enter, or press ? or * to list all spells.
The goblin hits you with a club!
Ouch! That really hurt!
Your hound closely misses Robin.
Robin throws the goblin at you! The goblin hits you with a club.
Your hound bites Robin.
Robin throws the goblin at you!
* * * LOW HITPOINT WARNING * * *
The goblin misses you. The goblin hits you.
* * * LOW MAGIC WARNING * * *
* * * LOW HITPOINT WARNING * * *
There is a stone staircase leading up here.
Drink which item? (? for menu, Esc to quit)
It was a potion of brilliance.
You feel clever all of a sudden.
Your quokka closely misses the goblin.
The goblin hits you with a club.
You die...

..#....# ...#.# ..
...##.. #..#.# .# ####
. #..#.###.# .
#.>......# ..
#.?.....# ...
.gg##.......# # #...
.gg.g.).....##.#.#
g..(.g.#)#.g.rggg....#
... #h.....#@##...#
#...#..#.# .#
....##..#.# .#..
...#.# #. ......#
.####.#.# #.#.. .###


You could see Robin, 4 goblins and a friendly quokka.

Vanquished Creatures
  An ooze (D:1)
  2 goblins (D:1)
  A hobgoblin (D:1)
  A giant cockroach (D:1)
  A giant newt (D:1)
  2 kobolds (D:1)
  6 rats (D:1)
14 creatures vanquished.

Vanquished Creatures (collateral kills)
  2 giant cockroaches (D:1)
  4 hobgoblins
  2 kobolds (D:1)
  A quokka (D:2)
  A bat (D:1)
  A giant newt (D:1)
  4 goblins
  A rat (D:1)
16 creatures vanquished.

Vanquished Creatures (others)
  3 quokkas (D:1)
  A bat (D:1)
  3 rats
7 creatures vanquished.

Grand Total: 37 creatures vanquished

Notes
Turn   | Place    | Note
--------------------------------------------------------------
     0 | D:1      | Impoz, the Vine Stalker Summoner, began the quest for the Orb.
     0 | D:1      | Reached XP level 1. HP: 9/9 MP: 3/3
   231 | D:1      | Reached XP level 2. HP: 13/13 MP: 4/6
   699 | D:2      | Noticed Robin
   704 | D:2      | Reached XP level 3. HP: 7/16 MP: 3/7
   711 | D:1      | Learned a level 3 spell: Call Canine Familiar
   787 | D:2      | Slain by a goblin

Action                   || total
-------------------------++-------
Melee: Unarmed           ||    81
 Cast: Summon Small Mamm ||    23
       Call Canine Famil ||     2
  Use: Potion            ||     1
 Stab: Sleeping          ||     1
